 Dungeon Crawl Stone Soup version 0.29.0-4-gdea44cf6ec (webtiles) character file.

Game seed: 15572164949243906787

7347 qw the Grappler (level 10, 0/96 HPs)
             Began as a Troll Cinder Acolyte on Aug 31, 2022.
             Was a Believer of Ignis.
             Slain by a white ugly thing (23 damage)
             ... on level 11 of the Dungeon.
             The game lasted 00:05:09 (8632 turns).

qw the Grappler (Troll Cinder Acolyte)              Turns: 8632, Time: 00:05:09

Health: 0/96       AC: 22    Str: 30    XL:     10   Next: 91%
Magic:  10/10      EV:  8    Int: 14    God:    Ignis [**....]
Gold:   246        SH:  8    Dex:  5    Spells: 11/11 levels left

rFire   + + .      SeeInvis .     - Unarmed
rCold   . . .      Faith    .   d - +0 kite shield
rNeg    . . .      Spirit   .   a - +0 acid dragon scales
rPois   +          Reflect  .   (helmet restricted)
rElec   .          Harm     .   g - +2 cloak {rF+}
rCorr   +          Rampage  .   (gloves unavailable)
Will    .....                   (boots unavailable)
Stlth   ..........              (no amulet)
HPRegen 1.06/turn               j - ring "Hero's Friend" {rCorr AC+4 Str+2 Int+4}
MPRegen 0.12/turn               k - ring of poison resistance

@: fiery-armoured
A: large, unfitting armour, claws 3, regeneration 1, shaggy fur 1, tough skin 1
a: Renounce Religion, Fiery Armour, Foxfire Swarm, Rising Flame


You were on level 11 of the Dungeon.
You worshipped Ignis.
Ignis was pleased with you.
You visited 1 branch of the dungeon, and saw 11 of its levels.
You also visited: Ossuary.

You collected 818 gold pieces.
You spent 572 gold pieces at shops.


Innate Abilities, Weirdness & Mutations

You are too large for most types of armour.
You have claws for hands.
Your natural rate of healing is unusually fast.
You are covered in fur. (AC +1)
You have tough skin. (AC +1)


   Skills:
 - Level 5.0 Fighting
 - Level 1.1 Throwing
 - Level 2.5 Armour
 - Level 1.0 Dodging
 - Level 9.0 Shields
 + Level 12.3 Unarmed Combat
 - Level 1.0 Spellcasting
 - Level 2.1 Fire Magic


You had 11 spell levels left.
You didn't know any spells.
Your spell library contained the following spells:

 Spells                   Type           Power      Damage    Failure   Level
 Scorch                   Fire           12%        2d5       36%         2

Inventory:

Armour
 a - +0 acid dragon scales (worn)
 d - a +0 kite shield (worn)
 g - a +2 cloak of fire resistance (worn)
Jewellery
 c - a ring of protection from fire
 j - the ring "Hero's Friend" (left claw) {rCorr AC+4 Str+2 Int+4}
   (You found it on level 5 of the Dungeon)

   [ring of protection]

   AC:        It affects your AC (+4).
   Str:       It affects your strength (+2).
   Int:       It affects your intelligence (+4).
   rCorr:     It protects you from acid and corrosion.
 k - a ring of poison resistance (right claw)
 p - a +4 ring of slaying {mikee}
Scrolls
 e - 2 scrolls of identify
 o - a scroll of teleportation
Potions
 b - 4 potions of haste
 f - 3 potions of curing
 i - a potion of heal wounds
 l - 4 potions of mutation
 q - 2 potions of cancellation

Dungeon Overview and Level Annotations

Branches:
Dungeon (11/15)            Temple (0/1) D:5             Orc (0/2) D:10
Ossuary (visited)
   Lair: D:8-11

Altars:
Cheibriados
Dithmenos
Fedhas
Gozag
Hepliaklqana
Makhleb
Qazlal
Ru
Sif Muna
The Shining One

Shops:
D:7 *   D:9 *[*   D:10 ([

Annotations:
D:4 2 runed translucent doors, qw's ghost, amateur TrCA
D:5 1 runed translucent door
D:10 1 runed translucent door, qw's ghost, novice TrCA


Message History

You block the orange demon's attack.
Your Armour skill gained 2 levels and is now at level 2!
Your surroundings suddenly seem different.
You feel sick.
You start resting.
You feel sick.
You feel yourself speed up.
You feel sick. x2
You are no longer poisoned.
HP restored.
You open the door.
There is an open door here.
Your fiery armour burns out.
You open the door.
There is an open door here.
As you open the door, it creaks loudly!
There is an open door here.
There is a shaft here.
As you open the door, it creaks loudly!
There is an open door here.
You open the door.
There is an open door here.
A white ugly thing comes into view.
The white ugly thing gurgles horribly!
Enter note: The white ugly thing tentacle-slaps you!
The white ugly thing freezes you!!
You completely miss the white ugly thing.
You claw the white ugly thing!
The white ugly thing is moderately wounded.
The white ugly thing tentacle-slaps you but does no damage.
You closely miss the white ugly thing.
The white ugly thing is moderately wounded.
The white ugly thing tentacle-slaps you.
The white ugly thing freezes you!!
8632 ||| INVOKING Fiery Armour.
A protective cloak of flame settles atop you.
The white ugly thing tentacle-slaps you!
The white ugly thing freezes you!!
You die...

#.......# ###'######
#.......####........#
#.......#..'........#
+.......'^##........#
#.......####........#
####'#### #........#
#.# #....^...# ##.#
#........# #.@#
#######+## #.u## #.#
#. .. .. ... #..


You could see a white ugly thing.

Vanquished Creatures
  Amaemon (D:11)
  Pikel (D:5)
  A kobold demonologist (D:7)
  A troll (D:9)
  Sigmund (D:5)
  2 vampires
  2 shadows
  5 yaks (D:9)
  Eustachio (D:5)
  3 wyverns
  An acid dragon (D:10)
  A water moccasin (D:6)
  A sky beast (D:7)
  3 orc warriors
  An ice beast (D:5)
  4 ogres
  6 centaurs
  A lemure (D:5)
  A phantom (D:5)
  2 kobold brigands (D:7)
  5 bullfrogs
  A gnoll sergeant (D:5)
  2 necrophages
  2 scorpions (D:5)
  3 water moccasin zombies (Ossuary)
  5 wights (D:8)
  A howler monkey (D:8)
  7 hounds
  3 orc priests
  3 jellies
  5 iguanas
  5 orc wizards
  2 mummies (Ossuary)
  14 gnolls
  8 adders
  2 white imps (D:6)
  An ufetubus (D:4)
  4 adder zombies (Ossuary)
  2 worms (D:3)
  4 dart slugs
  21 orcs
  5 ball pythons
  3 bats (D:2)
  9 endoplasms
  4 giant cockroaches
  4 gnoll zombies (Ossuary)
  7 goblins
  8 hobgoblins
  9 jackals
  4 quokkas
  6 frilled lizards
  7 hobgoblin zombies (Ossuary)
  16 kobolds
  7 kobold zombies
  4 orc zombies
  4 rats
236 creatures vanquished.

Vanquished Creatures (others)
  A plant (D:6)
1 creature vanquished.

Grand Total: 237 creatures vanquished

Notes
Turn   | Place    | Note
-------+----------+-------------------------------------------
     0 | D:1      | qw the Troll Cinder Acolyte began the quest for the Orb.
     0 | D:1      | Reached XP level 1. HP: 22/22 MP: 1/1
     0 | D:1      | 0 ||| qw: Version: 0.1-a-97-g2dd2ca4
     0 | D:1      | 0 ||| qw: Game counter: 4654
     0 | D:1      | 0 ||| qw: Always use a shield: true
     0 | D:1      | 0 ||| qw: God list: Okawaru
     0 | D:1      | 0 ||| qw: Allow faded altars: false
     0 | D:1      | 0 ||| qw: Do Orc after D:15 true
     0 | D:1      | 0 ||| qw: Do second Lair branch before Depths: true
     0 | D:1      | 0 ||| qw: Lair rune preference: random
     0 | D:1      | 0 ||| qw: Plans: Normal
     0 | D:1      | 0 ||| PLANNING D:1-11
    96 | D:1      | Found a faded altar of an unknown god.
   122 | D:1      | 122 ||| Stepping ~*~*~tactically~*~*~ (hiding).
   123 | D:1      | 123 ||| Stepping ~*~*~tactically~*~*~ (hiding).
   128 | D:1      | 128 ||| Stepping ~*~*~tactically~*~*~ (hiding).
   136 | D:1      | Reached XP level 2. HP: 27/29 MP: 2/2
   211 | D:1      | Reached skill level 4 in Unarmed Combat
   254 | D:1      | 254 ||| Stepping ~*~*~tactically~*~*~ (stealth).
   256 | D:1      | 256 ||| Stepping ~*~*~tactically~*~*~ (stealth).
   267 | D:1      | 267 ||| Stepping ~*~*~tactically~*~*~ (stealth).
   370 | D:1      | Reached XP level 3. HP: 35/36 MP: 3/3
   378 | D:1      | 378 ||| Stepping ~*~*~tactically~*~*~ (outnumbered).
   380 | D:1      | 380 ||| Stepping ~*~*~tactically~*~*~ (outnumbered).
   578 | D:1      | 578 ||| UPGRADING to ring of protection from fire.
   579 | D:1      | 579 ||| READING scroll labelled UNNER SITIFUTE.
   580 | D:1      | 580 ||| READING 2 scrolls labelled WOAZIY NIUVAZU.
   581 | D:1      | 581 ||| DRINKING 2 fizzy cyan potions.
   664 | D:2      | 664 ||| Stepping ~*~*~tactically~*~*~ (hiding).
   675 | D:2      | Reached XP level 4. HP: 41/44 MP: 4/4
   723 | D:2      | Reached skill level 5 in Unarmed Combat
   936 | D:2      | 936 ||| Stepping ~*~*~tactically~*~*~ (stealth).
   939 | D:2      | 939 ||| Stepping ~*~*~tactically~*~*~ (stealth).
   940 | D:2      | 940 ||| Stepping ~*~*~tactically~*~*~ (stealth).
   943 | D:2      | 943 ||| Stepping ~*~*~tactically~*~*~ (outnumbered).
   944 | D:2      | 944 ||| Stepping ~*~*~tactically~*~*~ (outnumbered).
   945 | D:2      | 945 ||| Stepping ~*~*~tactically~*~*~ (outnumbered).
   946 | D:2      | 946 ||| Stepping ~*~*~tactically~*~*~ (outnumbered).
   947 | D:2      | 947 ||| Stepping ~*~*~tactically~*~*~ (outnumbered).
   948 | D:2      | 948 ||| Stepping ~*~*~tactically~*~*~ (outnumbered).
   949 | D:2      | 949 ||| Stepping ~*~*~tactically~*~*~ (outnumbered).
  1002 | D:2      | 1002 ||| Stepping ~*~*~tactically~*~*~ (stealth).
  1020 | D:2      | 1020 ||| Stepping ~*~*~tactically~*~*~ (stealth).
  1395 | D:2      | 1395 ||| UPGRADING to +6 ring of dexterity.
  1396 | D:2      | 1396 ||| READING scroll labelled VARUUL KULAN.
  1397 | D:2      | 1397 ||| READING 4 scrolls of identify.
  1397 | D:2      | 1397 ||| IDENTIFYING inky potion
  1398 | D:2      | 1398 ||| DROPPING potion of magic.
  1476 | D:3      | 1476 ||| Stepping ~*~*~tactically~*~*~ (stealth).
  1495 | D:3      | Reached skill level 1 in Dodging
  1503 | D:3      | 1503 ||| Stepping ~*~*~tactically~*~*~ (stealth).
  1505 | D:3      | 1505 ||| Stepping ~*~*~tactically~*~*~ (stealth).
  1507 | D:3      | 1507 ||| Stepping ~*~*~tactically~*~*~ (stealth).
  1508 | D:3      | 1508 ||| Stepping ~*~*~tactically~*~*~ (stealth).
  1509 | D:3      | 1509 ||| Stepping ~*~*~tactically~*~*~ (stealth).
  1510 | D:3      | 1510 ||| INVOKING Fiery Armour.
  1512 | D:3      | 1512 ||| Stepping ~*~*~tactically~*~*~ (hiding).
  1516 | D:3      | Reached XP level 5. HP: 50/50 MP: 5/5
  1741 | D:3      | 1741 ||| Stepping ~*~*~tactically~*~*~ (stealth).
  1888 | D:3      | 1888 ||| Stepping ~*~*~tactically~*~*~ (stealth).
  1889 | D:3      | 1889 ||| Stepping ~*~*~tactically~*~*~ (stealth).
  1954 | D:3      | 1954 ||| Stepping ~*~*~tactically~*~*~ (outnumbered).
  1955 | D:3      | 1955 ||| Stepping ~*~*~tactically~*~*~ (outnumbered).
  1980 | D:3      | 1980 ||| Stepping ~*~*~tactically~*~*~ (hiding).
  2138 | D:3      | 2138 ||| UPGRADING to +4 ring of protection.
  2140 | D:3      | 2140 ||| UPGRADING to ring of protection from fire.
  2142 | D:3      | 2142 ||| READING scroll labelled APNOX KIOMYM.
  2143 | D:3      | 2143 ||| READING scroll labelled EDWA EKUICS.
  2144 | D:3      | 2144 ||| READING scroll labelled ENALLENN UMIN.
  2145 | D:3      | 2145 ||| READING 5 scrolls of identify.
  2145 | D:3      | 2145 ||| IDENTIFYING gluggy blue potion
  2146 | D:3      | 2146 ||| READING 4 scrolls of identify.
  2146 | D:3      | 2146 ||| IDENTIFYING bubbling orange potion
  2147 | D:3      | 2147 ||| READING 3 scrolls of identify.
  2147 | D:3      | 2147 ||| IDENTIFYING purple potion
  2148 | D:3      | 2148 ||| DROPPING potion of ambrosia.
  2149 | D:3      | 2149 ||| DROPPING potion of berserk rage.
  2150 | D:3      | 2150 ||| DROPPING potion of flight.
  2194 | D:4      | Reached skill level 6 in Unarmed Combat
  2258 | D:4      | 2258 ||| Stepping ~*~*~tactically~*~*~ (stealth).
  2261 | D:4      | 2261 ||| Stepping ~*~*~tactically~*~*~ (hiding).
  2272 | D:4      | 2272 ||| Stepping ~*~*~tactically~*~*~ (outnumbered).
  2273 | D:4      | 2273 ||| Stepping ~*~*~tactically~*~*~ (outnumbered).
  2275 | D:4      | 2275 ||| Stepping ~*~*~tactically~*~*~ (outnumbered).
  2288 | D:4      | Reached XP level 6. HP: 59/59 MP: 6/6
  2297 | D:4      | 2297 ||| Stepping ~*~*~tactically~*~*~ (outnumbered).
  2298 | D:4      | 2298 ||| Stepping ~*~*~tactically~*~*~ (outnumbered).
  2300 | D:4      | 2300 ||| Stepping ~*~*~tactically~*~*~ (outnumbered).
  2302 | D:4      | 2302 ||| Stepping ~*~*~tactically~*~*~ (outnumbered).
  2303 | D:4      | 2303 ||| Stepping ~*~*~tactically~*~*~ (outnumbered).
  2331 | D:4      | Found a burning altar of Makhleb.
  2347 | D:4      | 2347 ||| Stepping ~*~*~tactically~*~*~ (stealth).
  2350 | D:4      | 2350 ||| Stepping ~*~*~tactically~*~*~ (hiding).
  2352 | D:4      | 2352 ||| Stepping ~*~*~tactically~*~*~ (hiding).
  2365 | D:4      | Reached skill level 7 in Unarmed Combat
  2484 | D:4      | 2484 ||| Stepping ~*~*~tactically~*~*~ (stealth).
  2492 | D:4      | 2492 ||| Stepping ~*~*~tactically~*~*~ (outnumbered).
  2493 | D:4      | 2493 ||| Stepping ~*~*~tactically~*~*~ (outnumbered).
  2494 | D:4      | 2494 ||| Stepping ~*~*~tactically~*~*~ (outnumbered).
  2496 | D:4      | 2496 ||| Stepping ~*~*~tactically~*~*~ (outnumbered).
  2497 | D:4      | 2497 ||| Stepping ~*~*~tactically~*~*~ (outnumbered).
  2500 | D:4      | 2500 ||| Stepping ~*~*~tactically~*~*~ (outnumbered).
  2501 | D:4      | 2501 ||| Stepping ~*~*~tactically~*~*~ (outnumbered).
  2502 | D:4      | 2502 ||| Stepping ~*~*~tactically~*~*~ (outnumbered).
  2547 | D:4      | Found a runed translucent door.
  2560 | D:4      | Noticed qw's ghost (amateur TrCA)
  2575 | D:4      | Found a blossoming altar of Fedhas.
  2617 | D:4      | Found a runed translucent door.
  2718 | D:4      | 2718 ||| DROPPING +6 ring of dexterity.
  2719 | D:4      | 2719 ||| UPGRADING to +4 ring of slaying {mikee}.
  2721 | D:4      | 2721 ||| READING scroll labelled XEUPRADOIT.
  2722 | D:4      | 2722 ||| READING scroll labelled XISYOS QIMOMAO.
  2743 | D:5      | Entered Level 5 of the Dungeon
  2744 | D:5      | 2744 ||| PLANNING OSSUARY
  2770 | D:5      | 2770 ||| Stepping ~*~*~tactically~*~*~ (stealth).
  2789 | D:5      | 2789 ||| Stepping ~*~*~tactically~*~*~ (stealth).
  2800 | D:5      | 2800 ||| INVOKING Fiery Armour.
  2803 | D:5      | Reached XP level 7. HP: 35/66 MP: 7/7
  2816 | D:5      | Reached skill level 8 in Unarmed Combat
  2969 | D:5      | Found a sand-covered staircase.
  2977 | D:5      | 2977 ||| UPGRADING to +0 kite shield.
  2988 | Ossuary  | Entered an ossuary
  3011 | Ossuary  | 3011 ||| INVOKING Fiery Armour.
  3015 | Ossuary  | Reached skill level 1 in Shields
  3114 | Ossuary  | Reached skill level 3 in Shields
  3144 | Ossuary  | 3144 ||| READING scroll labelled TYATAORODD.
  3145 | Ossuary  | 3145 ||| DRINKING 3 lumpy red potions.
  3146 | Ossuary  | 3146 ||| READING 4 scrolls of identify.
  3146 | Ossuary  | 3146 ||| IDENTIFYING viscous white potion
  3147 | Ossuary  | 3147 ||| READING 3 scrolls of identify.
  3147 | Ossuary  | 3147 ||| IDENTIFYING golden potion
  3148 | Ossuary  | 3148 ||| READING 2 scrolls of identify.
  3148 | Ossuary  | 3148 ||| IDENTIFYING lumpy emerald potion
  3149 | Ossuary  | 3149 ||| DROPPING potion of degeneration.
  3150 | Ossuary  | 3150 ||| DROPPING potion of brilliance.
  3156 | D:5      | 3156 ||| PLANNING D:1-11
  3183 | D:5      | Found a shimmering blue altar of Sif Muna.
  3193 | D:5      | Noticed Pikel
  3197 | D:5      | 3197 ||| INVOKING Fiery Armour.
  3203 | D:5      | 3203 ||| Stepping ~*~*~tactically~*~*~ (outnumbered).
  3204 | D:5      | 3204 ||| Stepping ~*~*~tactically~*~*~ (outnumbered).
  3207 | D:5      | Killed Pikel
  3208 | D:5      | Reached XP level 8. HP: 44/74 MP: 8/8
  3212 | D:5      | Reached skill level 6 in Shields
  3216 | D:5      | 3216 ||| FLEEEEING.
  3217 | D:5      | 3217 ||| FLEEEEING.
  3218 | D:5      | 3218 ||| FLEEEEING.
  3219 | D:5      | 3219 ||| FLEEEEING.
  3220 | D:5      | 3220 ||| FLEEEEING.
  3221 | D:5      | 3221 ||| FLEEEEING.
  3222 | D:5      | 3222 ||| FLEEEEING.
  3223 | D:5      | 3223 ||| FLEEEEING.
  3224 | D:5      | 3224 ||| FLEEEEING.
  3225 | D:5      | 3225 ||| FLEEEEING.
  3226 | D:5      | 3226 ||| FLEEEEING.
  3227 | D:5      | 3227 ||| FLEEEEING.
  3228 | D:5      | 3228 ||| FLEEEEING.
  3229 | D:5      | 3229 ||| FLEEEEING.
  3230 | D:5      | 3230 ||| FLEEEEING.
  3231 | D:5      | 3231 ||| FLEEEEING.
  3232 | D:5      | 3232 ||| FLEEEEING.
  3233 | D:5      | 3233 ||| FLEEEEING.
  3234 | D:5      | 3234 ||| FLEEEEING.
  3236 | D:5      | 3236 ||| FLEEEEING.
  3237 | D:5      | 3237 ||| FLEEEEING.
  3238 | D:5      | 3238 ||| FLEEEEING.
  3245 | D:5      | Reached skill level 3 in Fighting
  3277 | D:5      | Found a staircase to the Ecumenical Temple.
  3279 | D:5      | Noticed Eustachio
  3285 | D:5      | Killed Eustachio
  3505 | D:5      | Noticed Sigmund
  3510 | D:5      | 3510 ||| DRINKING 3 potions of curing.
  3510 | D:5      | 3510 ||| (to cure confusion)
  3512 | D:5      | Killed Sigmund
  3513 | D:5      | Reached skill level 9 in Unarmed Combat
  3520 | D:5      | Found an opulent altar of Gozag.
  3577 | D:5      | Reached skill level 1 in Throwing
  3580 | D:5      | Identified the +8 dagger "Ginachil" {flame, rElec rC-
                  | Str+3}
  3614 | D:5      | Found a hazy altar of Hepliaklqana.
  3765 | D:5      | Reached XP level 9. HP: 81/81 MP: 9/9
  3809 | D:5      | 3809 ||| Stepping ~*~*~tactically~*~*~ (stealth).
  3810 | D:5      | 3810 ||| Stepping ~*~*~tactically~*~*~ (stealth).
  3829 | D:5      | Found a runed translucent door.
  3891 | D:5      | Identified the ring "Hero's Friend" {rCorr AC+4 Str+2
                  | Int+4}
  4004 | D:5      | 4004 ||| DROPPING ring of resist corrosion.
  4005 | D:5      | 4005 ||| UPGRADING to ring "Hero's Friend" {rCorr AC+4
                  | Str+2 Int+4}.
  4007 | D:5      | 4007 ||| DROPPING +4 ring of protection.
  4008 | D:5      | 4008 ||| READING 2 scrolls of identify.
  4008 | D:5      | 4008 ||| IDENTIFYING silvery potion
  4009 | D:5      | 4009 ||| DROPPING potion of invisibility.
  4145 | D:6      | 4145 ||| Stepping ~*~*~tactically~*~*~ (stealth).
  4155 | D:6      | 4155 ||| Stepping ~*~*~tactically~*~*~ (hiding).
  4156 | D:6      | 4156 ||| Stepping ~*~*~tactically~*~*~ (hiding).
  4157 | D:6      | 4157 ||| Stepping ~*~*~tactically~*~*~ (hiding).
  4181 | D:6      | 4181 ||| Stepping ~*~*~tactically~*~*~ (hiding).
  4343 | D:6      | 4343 ||| Stepping ~*~*~tactically~*~*~ (stealth).
  4345 | D:6      | 4345 ||| Stepping ~*~*~tactically~*~*~ (stealth).
  4462 | D:6      | Reached skill level 10 in Unarmed Combat
  4511 | D:6      | Found a glowing golden altar of the Shining One.
  4580 | D:6      | 4580 ||| FLEEEEING.
  4581 | D:6      | 4581 ||| FLEEEEING.
  4582 | D:6      | 4582 ||| FLEEEEING.
  4583 | D:6      | 4583 ||| FLEEEEING.
  4584 | D:6      | 4584 ||| FLEEEEING.
  4587 | D:6      | 4587 ||| FLEEEEING.
  4588 | D:6      | 4588 ||| FLEEEEING.
  4589 | D:6      | 4589 ||| FLEEEEING.
  4590 | D:6      | 4590 ||| STAIRDANCE
  5042 | D:6      | 5042 ||| Stepping ~*~*~tactically~*~*~ (stealth).
  5077 | D:7      | Found a snail-covered altar of Cheibriados.
  5084 | D:7      | Found a stormy altar of Qazlal.
  5126 | D:7      | Found Upeah's Fire Supplies.
  5135 | D:7      | 5135 ||| SHOPLISTING +0 fire dragon scales (720 gold, have
                  | 360).
  5135 | D:7      | 5135 ||| BUYING +1 cloak of fire resistance (198 gold).
  5135 | D:7      | Bought a +1 cloak of fire resistance for 198 gold pieces
  5135 | D:7      | 5135 ||| SHOPLISTING ring of protection from fire (300
                  | gold, have 162).
  5280 | D:7      | Noticed a kobold demonologist
  5292 | D:7      | 5292 ||| INVOKING Fiery Armour.
  5293 | D:7      | Killed a kobold demonologist
  5760 | D:7      | 5760 ||| UPGRADING to +1 cloak of fire resistance.
  5765 | D:7      | 5765 ||| DROPPING ring of protection from cold.
  5766 | D:7      | 5766 ||| READING scroll labelled CUIPSILAHO.
  6103 | D:8      | Reached XP level 10. HP: 92/92 MP: 10/10
  6113 | D:8      | Reached skill level 11 in Unarmed Combat
  6113 | D:8      | 6113 ||| FLEEEEING.
  6114 | D:8      | 6114 ||| FLEEEEING.
  6115 | D:8      | 6115 ||| FLEEEEING.
  6116 | D:8      | 6116 ||| FLEEEEING.
  6117 | D:8      | 6117 ||| FLEEEEING.
  6118 | D:8      | 6118 ||| FLEEEEING.
  6119 | D:8      | 6119 ||| FLEEEEING.
  6120 | D:8      | 6120 ||| FLEEEEING.
  6121 | D:8      | 6121 ||| FLEEEEING.
  6122 | D:8      | 6122 ||| FLEEEEING.
  6123 | D:8      | 6123 ||| FLEEEEING.
  6124 | D:8      | 6124 ||| FLEEEEING.
  6125 | D:8      | 6125 ||| FLEEEEING.
  6143 | D:8      | Identified the +8 trident of Grace {drain, rPois}
  6731 | D:8      | 6731 ||| UPGRADING to +0 robe of positive energy.
  6741 | D:8      | 6741 ||| DROPPING +0 robe.
  6742 | D:8      | 6742 ||| UPGRADING to ring of poison resistance.
  6744 | D:8      | 6744 ||| READING 3 scrolls labelled TYZEKHL WAOC.
  6745 | D:8      | 6745 ||| DRINKING 2 lumpy purple potions.
  6746 | D:8      | 6746 ||| READING 4 scrolls of identify.
  6746 | D:8      | 6746 ||| IDENTIFYING fuming white potion
  6747 | D:8      | 6747 ||| READING 3 scrolls of identify.
  6747 | D:8      | 6747 ||| IDENTIFYING amethyst potion
  6748 | D:8      | 6748 ||| READING 2 scrolls of identify.
  6748 | D:8      | 6748 ||| IDENTIFYING clear potion
  6749 | D:8      | 6749 ||| DROPPING potion of lignification.
  6750 | D:8      | 6750 ||| DROPPING potion of attraction.
  6751 | D:8      | 6751 ||| DROPPING 2 scrolls of poison.
  6815 | D:9      | Found Irhuno Doov's Assorted Antiques.
  6822 | D:9      | 6822 ||| BUYING potion of cancellation (272 gold).
  6822 | D:9      | Bought a potion of cancellation for 272 gold pieces
  6822 | D:9      | 6822 ||| BUYING potion of curing (102 gold).
  6822 | D:9      | Bought a potion of curing for 102 gold pieces
  6822 | D:9      | 6822 ||| SHOPLISTING potion of haste (340 gold, have 10).
  6822 | D:9      | 6822 ||| SHOPLISTING steaming amber ring (170 gold, have
                  | 10).
  6839 | D:9      | Found Viruots's Assorted Antiques.
  6845 | D:9      | 6845 ||| SHOPLISTING scroll of identify (64 gold, have 10).
  6845 | D:9      | 6845 ||| SHOPLISTING square emerald amulet (160 gold, have
                  | 10).
  6886 | D:9      | 6886 ||| Stepping ~*~*~tactically~*~*~ (outnumbered).
  6890 | D:9      | 6890 ||| Stepping ~*~*~tactically~*~*~ (outnumbered).
  6891 | D:9      | 6891 ||| Stepping ~*~*~tactically~*~*~ (outnumbered).
  6900 | D:9      | Reached skill level 9 in Shields
  7117 | D:9      | Found a sacrificial altar of Ru.
  7284 | D:9      | 7284 ||| Stepping ~*~*~tactically~*~*~ (outnumbered).
  7329 | D:9      | 7329 ||| INVOKING Fiery Armour.
  7400 | D:9      | Found a shadowy altar of Dithmenos.
  7462 | D:9      | Found Laeghij's Armour Boutique.
  7709 | D:9      | 7709 ||| READING scroll labelled QILIAWK YSMAI.
  7734 | D:10     | Entered Level 10 of the Dungeon
  7738 | D:10     | Reached skill level 12 in Unarmed Combat
  7805 | D:10     | 7805 ||| READING scroll of enchant armour.
  7805 | D:10     | 7805 ||| ENCHANTING +1 cloak of fire resistance.
  7847 | D:10     | Found Pycsuweci's Weapon Emporium.
  7847 | D:10     | Found a staircase to the Orcish Mines.
  7847 | D:10     | Found Veresen's Armour Emporium.
  7852 | D:10     | 7852 ||| INVOKING Fiery Armour.
  7863 | D:10     | 7863 ||| FLEEEEING.
  7864 | D:10     | 7864 ||| FLEEEEING.
  7865 | D:10     | 7865 ||| FLEEEEING.
  8233 | D:10     | Found a runed translucent door.
  8234 | D:10     | Noticed qw's ghost (novice TrCA)
  8328 | D:10     | 8328 ||| UPGRADING to +0 acid dragon scales.
  8338 | D:10     | 8338 ||| DROPPING +0 robe of positive energy.
  8339 | D:10     | 8339 ||| READING scroll labelled BYSTRI YKHLOKK.
  8383 | D:10     | 8383 ||| READING scroll labelled GOUFFA HAJ POT.
  8479 | D:11     | Noticed Amaemon
  8479 | D:11     | Noticed an orange demon
  8480 | D:11     | 8480 ||| Stepping ~*~*~tactically~*~*~ (hiding).
  8493 | D:11     | 8493 ||| INVOKING Fiery Armour.
  8494 | D:11     | HP: 22/96 [Amaemon/-1 demon whip of venom (6)]
  8495 | D:11     | 8495 ||| READING 2 scrolls of teleportation.
  8495 | D:11     | HP: 9/96 [Amaemon/-1 demon whip of venom (5)]
  8496 | D:11     | 8496 ||| DRINKING 2 potions of heal wounds.
  8497 | D:11     | Killed Amaemon
  8623 | D:11     | Noticed a white ugly thing
  8632 | D:11     | 8632 ||| INVOKING Fiery Armour.
  8632 | D:11     | HP: 23/96 [white ugly thing (12)]
  8632 | D:11     | Slain by a white ugly thing

Levels and vault maps discovered:
D:1:      amcnicky_arrival_gap_in_the_tavern_cellar, layout_rooms,
          basic_ecumenical_altar, chequers_serial_rivers_room_b,
          nrook_mini_vaults, minmay_pentomino_s4
D:2:      layout_basic, grunt_ministairs_6, glass_columns_b
D:3:      layout_basic, st_stairs_9
D:4:      layout_rooms, mainiacjoe_overflow_cross_hatched, fedhas_altar_4,
          ebering_ghost_sewer_f
D:5:      layout_loops_corners, nicolae_hepliaklqana_hippocampus,
          nicolae_gozag_seed_capital, mainiacjoe_overflow_brackets,
          temple_fountains, enter_ossuary_3, lightli_church_of_beogh,
          uniq_pikel, uniq_eustachio, uniq_sigmund
D:6:      layout_loops_ring, tso_oasis_becter
D:7:      layout_basic, mainiacjoe_overflow_catwalk_spiral,
          nicolae_shop_fire_sale [nicolae_sub_dead_trees], item_on_display_a
D:8:      layout_basic
D:9:      layout_loops_corners, grunt_dithmenos_shadows,
          mainiacjoe_overflow_surrounded_room, serial_shops,
          nicolae_shop_overgrown_old_shop, kennysheep_little_box,
          nicolae_shop_waterfront, nrook_loot_triangle,
          chequers_serial_rivers_room_b
D:10:     layout_roguey, orc_david_3, gammafunk_ghost_grave,
          minmay_misc_feat_cross
D:11:     layout_roguey, lair_entry_dummy, ebering_ghost_xom, uniq_amaemon,
          uniq_sonja

Skill      XL: |  1  2  3  4  5  6  7  8  9 10 |
---------------+-------------------------------+-----
Unarmed Combat | 4 5 6 7 8 9 10 12 | 12.3
Dodging        | 1 |  1.0
Shields        | 5 6 8 9 |  9.0
Fighting       | 3 4 5 |  5.0
Throwing       | 1 |  1.1
Armour         | 2 |  2.5
Spellcasting   | |  1.0
Fire Magic     | |  2.1

Action                   |  1- 3 |  4- 6 |  7- 9 | 10-12 || total
-------------------------+-------+-------+-------+-------++-------
Melee: Unarmed           |    81 |   186 |   239 |   109 ||   615
       Punch             |       |     2 |       |       ||     2
Throw: Boomerang         |       |     9 |    13 |       ||    22
Invok: Fiery Armour      |       |     2 |     3 |     4 ||     9
  Use: Scroll            |     2 |    10 |     6 |     9 ||    27
       Potion            |     1 |       |     2 |     2 ||     5
Armor: Robe              |    23 |    71 |    56 |    26 ||   176
       Acid dragon scale |       |       |       |    32 ||    32
Dodge: Dodged            |    27 |    70 |    45 |    48 ||   190
Block: Kite shield       |       |       |    52 |    43 ||    95

Table legend:
 A = Non-vault XP
 B = Vault XP
 C = Vault XP percentage of total XP
 D = Non-vault monster count
 E = Vault monster count
 F = Vault count percentage of total count
                 A         B        C        D         E       F
            +---------+---------+-------+---------+---------+-------
      Total |    7802 |    2694 |  25.7 |     190 |      45 |  19.1
            +---------+---------+-------+---------+---------+-------
        D:1 |      45 |       4 |   8.2 |      25 |       3 |  10.7
        D:2 |      75 |      15 |  16.7 |      22 |       2 |   8.3
        D:3 |     125 |       3 |   2.3 |      25 |       2 |   7.4
        D:4 |     271 |       0 |   0.0 |      23 |       0 |   0.0
        D:5 |    1040 |    1107 |  51.6 |      27 |       5 |  15.6
        D:6 |    1257 |       0 |   0.0 |      28 |       0 |   0.0
        D:7 |    1147 |       0 |   0.0 |      11 |       0 |   0.0
        D:8 |     642 |       0 |   0.0 |       9 |       0 |   0.0
        D:9 |    2067 |     219 |   9.6 |      13 |       1 |   7.1
       D:10 |    1021 |     260 |  20.3 |       6 |       2 |  25.0
       D:11 |     112 |     772 |  87.3 |       1 |       1 |  50.0
    Ossuary |       0 |     314 | 100.0 |       0 |      29 | 100.0
            +---------+---------+-------+---------+---------+-------
